 Dungeon Crawl Stone Soup version 0.27-a0-334-g52645efa06 (webtiles) character file.

Game seed: 15545983061235842941

390 tilp the Insei (level 6, -2/39 HPs)
             Began as an Octopode Transmuter on Feb 13, 2021.
             Was an Initiate of Ru.
             Killed from afar by a white imp (8 damage)
             ... with a puff of frost
             ... on level 5 of the Dungeon.
             The game lasted 00:06:44 (5174 turns).

tilp the Insei (Octopode Transmuter)                Turns: 5174, Time: 00:06:44

Health: -2/39      AC:  1    Str: 10    XL:     6   Next: 80%
Magic:  8/9        EV: 14    Int: 17    God:    Ru [......]
Gold:   154        SH:  0    Dex: 24    Spells: 3/9 levels left

rFire    . . .     SeeInvis .     - Unarmed
rCold    . . .     Faith    .   (no shield)
rNeg     . . .     Spirit   .   (helmet currently unavailable)
rPois    .         Reflect  .   (no amulet)
rElec    .         Harm     .   f - +6 ring of dexterity
rCorr    .         Rampage  .   r - +6 ring of dexterity
Will     .....                  (no ring)
Stlth    ++++......             (no ring)
HPRegen  0.13/turn              (no ring)
MPRegen  0.11/turn              (no ring)
                                (no ring)
                                (no ring)

@: about to teleport, appendages
A: almost no armour, stealthy swim, amphibious, 8 rings, constrict 8, tentacle
spike 3, camouflage 1, gelatinous body 1
a: End Transformation, Renounce Religion


You were on level 5 of the Dungeon.
You worshipped Ru.
Ru was noncommittal.
One of your tentacles had a temporary spike.
You visited 1 branch of the dungeon, and saw 5 of its levels.

You collected 154 gold pieces.

Inventory:

Missiles
 b - 5 boomerangs (quivered)
 c - 183 stones
Jewellery
 e - a ring of fire
 f - a +6 ring of dexterity (left tentacle)
 r - a +6 ring of dexterity (right tentacle)
Wands
 d - a wand of digging (11)
 p - a wand of random effects (27)
Scrolls
 a - a scroll of immolation {unknown}
 i - a scroll of enchant armour
 j - a scroll of amnesia {unknown}
Potions
 g - 2 potions of mutation
 h - a potion of invisibility {unknown}
 k - a potion of curing
 l - a potion of heal wounds
 o - a potion of lignification {unknown}
 q - 2 potions of degeneration {unknown}


   Skills:
 - Level 2.0 Fighting
 - Level 2.0 Dodging
 - Level 4.0 Stealth
 + Level 5.4 Unarmed Combat
 - Level 2.0 Spellcasting
 - Level 4.0 Transmutations


You had 3 spell levels left.
You knew the following spells:

 Your Spells              Type           Power        Failure   Level
a - Beastly Appendage     Tmut           30%          3%          1
b - Wereblood             Tmut           15%          5%          2
c - Spider Form           Tmut/Pois      4%           26%         3

Your spell library contained the following spells:

 Spells                   Type           Power        Failure   Level
 Ice Form                 Ice/Tmut       8%           63%         4
 Blade Hands              Tmut           7%           71%         5


Dungeon Overview and Level Annotations

Branches:
Dungeon (5/15)             Temple (0/1) D:4

Altars:
Cheibriados
Gozag
Ru
The Shining One

Annotations:
D:3 3 runed translucent doors, ma3's ghost, amateur GnWn
D:5 exclusion: sky beast


Innate Abilities, Weirdness & Mutations

You cannot wear most types of armour.
You are very stealthy in the water. (Stealth+)
You are amphibious.
You can wear up to eight rings at the same time.
You can use your tentacles to constrict eight enemies at once.
Your skin changes colour to match your surroundings (Stealth+).
Your rubbery body absorbs attacks. (AC +1, EV +1)
One of your tentacles bears a large vicious spike.


Message History

Your tentacle spike disappears.
Items here: )) [ ††.
Your primal bloodlust is almost over.
There is a stone staircase leading up here.
You climb upwards.
There is a stone staircase leading down here.
You start resting.
Your primal bloodlust has ended.
You start resting.
HP restored.
You climb downwards.
Level annotation: exclusion: sky beast
There is a stone staircase leading up here.
There are monsters nearby!
Unknown command.
The centaur shouts!
The centaur wields a +0 shortbow.
The centaur shoots an arrow.
The arrow hits you!
The white imp shouts!
The centaur shoots an arrow.
The arrow closely misses you. The white imp hits you.
The white imp freezes you.
* * * LOW HITPOINT WARNING * * *
The centaur unwields a +0 shortbow.
The centaur completely misses you.
Casting: Wereblood (safe; 5% risk of failure)
Confirm with . or Enter, or press ? or * to list all spells.
One of your tentacles grows a vicious spike.
The white imp closely misses you. The centaur misses you.
Unknown command.
As you read the scroll of fear, it crumbles to dust.
You assume a fearsome visage.
The sky beast looks frightened!
The centaur looks frightened!
The white imp is unaffected.
The white imp hits you.
* * * LOW HITPOINT WARNING * * *
The white imp freezes you.
* * * LOW HITPOINT WARNING * * *
As you read the scroll of teleportation, it crumbles to dust.
You feel strangely unstable. The white imp gestures at you.
The puff of frost hits you!
You die...

# #..#..........###....
##.#..###.......###.....
#......##....#...#......
#..#..######.##.........
####....###.............
#..c.....#............#
#...........##.........
#.....5...=..#......#..
#...#.@.....##.##..###.
##..##......#...... ##
###.......Y...##.. #
######.......... ....####
##.#.###......... #......
#................ #......
#.........##.......##.....
#.........................
#...#.#...................


You could see a sky beast (fleeing), a centaur (fleeing) and a white imp.

Vanquished Creatures
  A bullfrog zombie (D:5)
  A hound (D:4)
  A centaur zombie (D:5)
  An orc priest (D:5)
  An iguana (D:4)
  4 orc wizards
  A worker ant (D:5)
  An adder (D:4)
  An ufetubus (D:5)
  An adder skeleton (D:4)
  4 worms (D:2)
  2 dart slugs (D:1)
  6 leopard geckos
  9 orcs
  2 giant cockroaches
  9 goblins
  6 hobgoblins
  6 jackals
  A ball python (D:4)
  8 bats
  A frilled lizard (D:5)
  A giant cockroach zombie (D:5)
  7 kobolds
  2 quokka skeletons
  7 rats
84 creatures vanquished.

Notes
Turn   | Place    | Note
-------+----------+-------------------------------------------
     0 | D:1      | tilp the Octopode Transmuter began the quest for the Orb.
     0 | D:1      | Reached XP level 1. HP: 13/13 MP: 3/3
   122 | D:1      | Reached skill level 1 in Stealth
   486 | D:1      | Reached XP level 2. HP: 17/18 MP: 3/5
   838 | D:1      | Learned a level 2 spell: Wereblood
  1093 | D:1      | Reached XP level 3. HP: 23/23 MP: 3/6
  1097 | D:1      | Learned a level 3 spell: Spider Form
  1698 | D:2      | Reached XP level 4. HP: 29/29 MP: 4/7
  2257 | D:2      | Reached skill level 4 in Unarmed Combat
  2671 | D:3      | Reached XP level 5. HP: 34/34 MP: 6/8
  2710 | D:3      | Found a snail-covered altar of Cheibriados.
  3097 | D:3      | Found a runed translucent gate.
  3097 | D:3      | Found a runed translucent gate.
  3097 | D:3      | Found a runed translucent gate.
  3098 | D:3      | Found an opulent altar of Gozag.
  3100 | D:3      | Noticed ma3's ghost (amateur GnWn)
  3101 | D:3      | Noticed an ogre
  3712 | D:4      | Found a glowing golden altar of the Shining One.
  3945 | D:4      | Reached XP level 6. HP: 35/39 MP: 6/9
  4013 | D:4      | Found a sacrificial altar of Ru.
  4018 | D:4      | Became a worshipper of Ru the Awakened
  4056 | D:4      | Found a staircase to the Ecumenical Temple.
  4179 | D:5      | Entered Level 5 of the Dungeon
  4430 | D:5      | Noticed a sky beast
  4575 | D:5      | Reached skill level 5 in Unarmed Combat
  5174 | D:5      | Killed from afar by a white imp

Illustrated notes

Levels and vault maps discovered:
D:1:      kennysheep_arrival_seaside, layout_loops_corners
D:2:      layout_loops_cross
D:3:      layout_rooms, overflow_temple_1_default, ebering_ghost_gozag
D:4:      layout_basic, kennysheep_mini_moat, kennysheep_little_box,
          minmay_temple_entry_poolview
D:5:      layout_cave_pools

Skill      XL: |  1  2  3  4  5  6 |
---------------+-------------------+-----
Stealth        | 2 3 4 |  4.0
Fighting       | 2 |  2.0
Unarmed Combat | 4 5 |  5.4
Transmutations | 3 4 |  4.0
Dodging        | |  2.0
Spellcasting   | |  2.0

Action                   |  1- 3 |  4- 6 || total
-------------------------+-------+-------++-------
Melee: Unarmed           |    59 |   113 ||   172
       Kick              |    18 |    31 ||    49
       Constrict         |    15 |    38 ||    53
       Tentacles         |     8 |    17 ||    25
       Punch             |     1 |     7 ||     8
Throw: Boomerang         |       |     2 ||     2
 Cast: Beastly Appendage |    17 |    32 ||    49
       Wereblood         |     2 |    10 ||    12
  Use: Scroll            |       |    10 ||    10
       Potion            |       |     1 ||     1
 Stab: Sleeping          |     7 |     8 ||    15
Armor: Skin              |     3 |     3 ||     6
Dodge: Dodged            |    33 |    73 ||   106

Table legend: (Time is in decaauts)
 A = Elapsed time spent in this place.
 B = Non-inter-level travel time spent in this place.
 C = Inter-level travel time spent in this place.
 D = Time resting spent in this place.
 E = Time spent auto-exploring this place.
 F = Levels seen in this place.
 G = Mean time per level.
                   A        B        C        D        E       F      G
               +--------+--------+--------+--------+--------+-----+--------+
         Total |   5159 |   4974 |    185 |    916 |   3389 |   5 | 1031.8 |
       Dungeon |   5159 |   4974 |    185 |    916 |   3389 |   5 | 1031.8 |
               +--------+--------+--------+--------+--------+-----+--------+

Top non-repeatable levels by time:
     D:1: 1500 daAuts
     D:4: 1372 daAuts
     D:2: 1152 daAuts
     D:5: 649 daAuts
     D:3: 484 daAuts
